 Dungeon Crawl Stone Soup version 0.31-a0-271-gb88eb75e06 (webtiles) character file.

Game seed: 14192314611953433214

22633 porpoise the Skirmisher (level 13, -2/75 HPs)
             Began as a Tengu Hunter on July 15, 2023.
             Was a Priest of Hepliaklqana.
             Slain by a six-headed hydra (3 damage)
             ... on level 11 of the Dungeon.
             The game lasted 00:39:37 (11821 turns).

porpoise the Skirmisher (Tengu Hunter)             Turns: 11821, Time: 00:39:38

Health: -2/75      AC: 13    Str: 19    XL:     13   Next: 1%
Magic:  27/27      EV: 24    Int: 14    God:    Hepliaklqana [***...]
Gold:   360        SH:  5    Dex: 22    Spells: 12/12 levels left

rFire   . . .        a - +0 orcbow (elec)
rCold   . . .        (shield currently unavailable)
rNeg    . . .        k - +0 acid dragon scales
rPois   .            Q - +3 hat of Pondering {ponderous, Will+ MP+10 Int+5}
rElec   .            f - +1 cloak
rCorr   +            (no gloves)
SInv    .            (boots unavailable)
Will    +....        X - amulet of reflection
Stlth   ++++         t - +5 ring of evasion
HPRegen 0.32/turn    G - +6 ring of strength
MPRegen 0.20/turn

%: reflection
@: about to teleport, flying quickly and evasively
A: reduced essence, beak, talons 3, nimble flight
a: Renounce Religion, Recall Ancestor, Ancestor Identity, Transference


You were on level 11 of the Dungeon.
You worshipped Hepliaklqana.
Hepliaklqana was most pleased with you.
You visited 3 branches of the dungeon, and saw 13 of its levels.
You also visited: Sewer and Ossuary.

You collected 699 gold pieces.
You spent 339 gold pieces at shops.

Inventory:

Hand Weapons
 a - a +0 orcbow of electrocution (weapon)
 b - a +2 dagger of draining
Missiles
 d - 2 poisoned darts
 l - a boomerang
 y - a curare-tipped dart
Armour
 f - a +1 cloak (worn)
 k - +0 acid dragon scales (worn)
 D - the +2 leather armour of the Dice {Dex+3}
   (You bought it in a shop on level 3 of the Dungeon)

   Dex:       It affects your dexterity (+3).
 Q - the +3 hat of Pondering (worn) {ponderous, Will+ MP+10 Int+5}
   (You took it off Gastronok on level 8 of the Dungeon)

   Int:       It affects your intelligence (+5).
   MP:        It affects your magic capacity (+10).
   Will:      It increases your willpower.
Jewellery
 t - a +5 ring of evasion (left hand)
 G - a +6 ring of strength (right hand)
 X - an amulet of reflection (around neck)
Wands
 n - a wand of paralysis (9)
 C - a wand of mindburst (23)
 S - a wand of flame (3)
 V - a wand of iceblast (6)
Scrolls
 c - 2 scrolls of fear
 g - a scroll of teleportation
 h - a scroll of brand weapon
 i - a scroll of enchant weapon {unknown}
 j - a scroll of butterflies
 u - 3 scrolls of poison
 v - 5 scrolls of blinking
 A - a scroll of acquirement {unknown}
 J - a scroll of vulnerability
 P - a scroll of revelation
 Y - 3 scrolls of fog
Potions
 e - a potion of haste
 w - a potion of enlightenment
 x - 4 potions of curing
 z - 5 potions of resistance
 K - 2 potions of berserk rage {unknown}
 R - a potion of attraction {unknown}
 W - 2 potions of ambrosia {unknown}


   Skills:
 + Level 11.1 Fighting
 + Level 7.4 Short Blades
 - Level 14.0 Ranged Weapons
 - Level 7.0 Armour
 - Level 7.0 Dodging
 - Level 7.0 Stealth
 - Level 5.0 Invocations


You had 12 spell levels left.
You didn't know any spells.
Your spell library contained the following spells:

 Spells                   Type           Power      Damage    Failure   Level
 Magic Dart               Conj           0%         1d3       36%         1
 Blink                    Tloc           0%         N/A       50%         2
 Call Imp                 Summ           0%         N/A       50%         2
 Lesser Beckoning         Tloc           0%         N/A       50%         2
 Momentum Strike          Conj/Tloc      0%         3d8       50%         2
 Mephitic Cloud           Conj/Pois/Air  0%         N/A       73%         3
 Tukima's Dance           Hex            0%         N/A       73%         3
 Passage of Golubria      Tloc           0%         N/A       98%         4
 Yara's Violent Unravell  Hex/Tmut       0%         3d3       100%        5


Dungeon Overview and Level Annotations

Branches:
Dungeon (11/15)            Temple (1/1) D:6            Lair (1/5) D:8
    Orc (0/2) D:9           Sewer (visited)         Ossuary (visited)

Altars:
Ashenzari
Cheibriados
Dithmenos
Elyvilon
Fedhas
Gozag
Hepliaklqana
Kikubaaqudgha
Makhleb
Nemelex Xobeh
Okawaru
Qazlal
Ru
Sif Muna
Trog
Uskayaw
Vehumet
Wu Jian
Xom
Yredelemnul
Zin
The Shining One
Jiyva

Shops:
D:3 *   D:7 ?   D:11 (

Annotations:
D:8 3 runed translucent doors, Dittersdorf's ghost, novice GrFi


Innate Abilities, Weirdness & Mutations

Your life essence is reduced to manifest your ancestor. (-10% HP)
You have a beak for a mouth.
You have claws for feet.
Your magical nature lets you fly swiftly and evasively.


Message History

Lightning courses through the centaur warrior!
The centaur warrior is severely wounded.
The centaur warrior shoots an arrow.
The arrow hits you!
An ogre mage comes into view. It is wielding a +0 spear.
You shoot an arrow. The arrow hits the centaur warrior.
The centaur warrior is severely wounded.
The centaur warrior shoots an arrow.
The arrow hits you!
You shoot an arrow.
The arrow hits the six-headed hydra but does no damage.
Lightning courses through the six-headed hydra!
The six-headed hydra is lightly wounded.
You shoot an arrow. The arrow hits the six-headed hydra!
Lightning courses through the six-headed hydra!
The six-headed hydra is moderately wounded.
The boulder beetle waves its antennae.
You shoot an arrow. The arrow hits the six-headed hydra.
The six-headed hydra is moderately wounded.
A wraith comes into view.
You shoot an arrow. The arrow hits the six-headed hydra!
The six-headed hydra is heavily wounded.
The six-headed hydra closely misses you.
The six-headed hydra bites you! x2; The six-headed hydra bites you.
The six-headed hydra closely misses you.
You block the six-headed hydra's attack.
You are too injured to fight recklessly!
You are too injured to fight recklessly!
Unknown command.
As you read the scroll of teleportation, it crumbles to dust.
You feel strangely unstable.
The centaur warrior unwields a +0 shortbow.
The centaur warrior hits you but does no damage.
The centaur warrior kicks you but does no damage.
The six-headed hydra bites you!
* * * LOW HITPOINT WARNING * * *
The six-headed hydra bites you!
* * * LOW HITPOINT WARNING * * *
The six-headed hydra closely misses you.
The six-headed hydra completely misses you.
The six-headed hydra bites you.
You die...

##.. ... #... .. ....
#.#### .... ..... ...>
#...# .# .... #
###...###.# ....
##.O###......#..#. ##...
.⌠WQBz.D@.........###....
.##O###c.#......#..##....
#.###...###..##....
#..#...## #..##....
##.....# #..##....
#####.#####........
#..#..#...#........
##....#..##..).####
#...(.....#.†### #


You could see a boulder beetle, a six-headed hydra, a skeletal warrior, a tengu
warrior, a centaur warrior, a two-headed ogre, an ogre mage and a wraith.

Vanquished Creatures
  Gastronok (D:8)
  A catoblepas (Lair:1)
  A centaur warrior (D:11)
  4 two-headed ogres
  Erica (D:8)
  A cyclops (D:11)
  8 elephants (Lair:1)
  A black mamba (Lair:1)
  2 cane toads (Lair:1)
  A kobold demonologist (D:10)
  3 komodo dragons
  A hornet (D:9)
  5 blink frogs (Lair:1)
  A shadow (D:11)
  23 yaks
  2 wyverns
  2 basilisks
  An acid dragon (D:10)
  A water moccasin (D:7)
  Duvessa (D:7)
  2 orc warriors
  A black bear (D:7)
  4 centaurs
  4 kobold brigands
  A phantom (D:4)
  3 elf zombies (Ossuary)
  Blork the orc (D:4)
  5 bullfrogs
  A scorpion (D:6)
  2 gnoll sergeants
  4 wights (D:10)
  Dowan (D:7)
  6 killer bees
  2 howler monkeys
  4 centaur zombies (Ossuary)
  A lava snake (D:9)
  4 jellies
  5 hounds
  4 orc priests
  A gnoll bouda (D:5)
  A sleepcap (D:4)
  3 iguanas
  Natasha (D:1)
  9 orc wizards
  2 mummies (Ossuary)
  11 adders
  8 gnolls
  5 river rats (Sewer)
  2 shadow imps (D:7)
  An ufetubus (D:4)
  2 worms
  A dart slug (D:2)
  25 orcs
  5 endoplasms
  3 giant cockroaches
  8 goblins
  14 hobgoblins
  7 jackals
  17 kobolds
  3 quokkas
  12 ball pythons
  6 bats
  6 frilled lizards
  4 hobgoblin zombies (Ossuary)
  A jackal zombie (Ossuary)
  8 kobold zombies (Ossuary)
  10 orc zombies (Ossuary)
  10 rats
  3 rat zombies (Ossuary)
305 creatures vanquished.

Vanquished Creatures (collateral kills)
  A boulder beetle (D:11)
  An ugly thing (D:9)
  A cyclops (D:11)
  An elephant (Lair:1)
  A komodo dragon (Lair:1)
  3 blink frogs (Lair:1)
  3 yaks
  A water moccasin (Lair:1)
  An ice beast (D:8)
  2 bullfrogs
  A killer bee (D:9)
  A howler monkey (D:11)
  2 orc priests
  An orc wizard (D:8)
  3 gnolls (D:9)
  5 orcs
  A kobold (D:9)
  A goblin zombie (Ossuary)
  A kobold zombie (Ossuary)
  2 orc zombies (Ossuary)
33 creatures vanquished.

Vanquished Creatures (others)
  3 knights
  6 ancestors
9 creatures vanquished.

Grand Total: 347 creatures vanquished

Notes
Turn   | Place    | Note
-------+----------+-------------------------------------------
     0 | D:1      | porpoise the Tengu Hunter began the quest for the Orb.
     0 | D:1      | Reached XP level 1. HP: 12/12 MP: 2/2
   140 | D:1      | Reached XP level 2. HP: 6/17 MP: 3/3
   534 | D:1      | Reached skill level 5 in Ranged Weapons
   620 | D:1      | Reached XP level 3. HP: 22/22 MP: 4/4
   940 | D:2      | Noticed Natasha
   955 | D:1      | Killed Natasha
  1016 | D:2      | Found a white marble altar of Elyvilon.
  1047 | D:2      | Reached XP level 4. HP: 27/27 MP: 5/5
  1191 | D:2      | Reached skill level 6 in Ranged Weapons
  1285 | D:2      | Found a faded altar of an unknown god.
  1658 | D:2      | Gained mutation: Your magical nature lets you fly swiftly
                  | and evasively. [Tengu growth]
  1658 | D:2      | Reached XP level 5. HP: 32/32 MP: 6/6
  2146 | D:3      | Found Iggeih's General Store.
  2157 | D:3      | Bought a potion of curing for 36 gold pieces
  2396 | D:4      | Found a glowing drain.
  2424 | Sewer    | Entered a sewer
  2610 | Sewer    | Reached XP level 6. HP: 24/38 MP: 7/7
  2764 | Sewer    | Reached skill level 7 in Ranged Weapons
  3263 | D:4      | Reached XP level 7. HP: 29/44 MP: 8/8
  3470 | D:4      | Found a sacrificial altar of Ru.
  3479 | D:4      | Reached skill level 8 in Ranged Weapons
  3495 | D:4      | Noticed Blork the orc
  3507 | D:4      | Killed Blork the orc
  3678 | D:4      | Found a bloodstained altar of Trog.
  3678 | D:4      | Found a shimmering altar of Xom.
  3905 | D:5      | Entered Level 5 of the Dungeon
  4184 | D:5      | Reached skill level 5 in Fighting
  4459 | D:5      | Reached skill level 9 in Ranged Weapons
  4461 | D:5      | Reached XP level 8. HP: 49/49 MP: 9/9
  4927 | D:6      | Found a staircase to the Ecumenical Temple.
  4949 | Temple   | Entered the Ecumenical Temple
  5040 | Temple   | Became a worshipper of Hepliaklqana the Forgotten
  5169 | D:6      | Found an opulent altar of Gozag.
  5193 | D:6      | Found a radiant altar of Vehumet.
  5304 | D:6      | Found a broken altar of Ashenzari.
  5304 | D:6      | Found a blossoming altar of Fedhas.
  5839 | D:7      | Reached skill level 10 in Ranged Weapons
  5973 | D:7      | Reached * piety under Hepliaklqana
  6069 | D:7      | Noticed Duvessa
  6072 | D:7      | Noticed Dowan
  6097 | D:7      | Killed Duvessa
  6098 | D:7      | Reached XP level 9. HP: 13/50 MP: 10/10
  6112 | D:7      | Killed Dowan
  6470 | D:3      | Bought the +2 leather armour of the Dice {Dex+3} for 303
                  | gold pieces
  6633 | D:7      | Reached skill level 11 in Ranged Weapons
  6711 | D:7      | Found Anguk's Magic Scroll Shoppe.
  7039 | D:7      | Identified the +2 ring mail "Qyotof" {rElec rF- rN+ Regen+}
  7079 | D:8      | Found a sand-covered staircase.
  7153 | Ossuary  | Entered an ossuary
  7408 | Ossuary  | Reached skill level 12 in Ranged Weapons
  7769 | D:8      | Noticed Erica
  7782 | D:8      | Killed Erica
  7783 | D:8      | Reached skill level 13 in Ranged Weapons
  7783 | D:8      | Reached skill level 5 in Dodging
  7783 | D:8      | Reached XP level 10. HP: 52/56 MP: 11/11
  7858 | D:8      | Found a runed translucent gate.
  7858 | D:8      | Found a runed translucent gate.
  7858 | D:8      | Found a runed translucent gate.
  7861 | D:8      | Noticed Dittersdorf's ghost (novice GrFi)
  8128 | D:8      | Found a staircase to the Lair.
  8304 | D:8      | Noticed Gastronok
  8321 | D:8      | Killed Gastronok
  8322 | D:8      | Reached skill level 14 in Ranged Weapons
  8504 | D:8      | Found a viscous altar of Jiyva.
  8646 | D:9      | Reached skill level 1 in Armour
  8822 | D:9      | Reached ** piety under Hepliaklqana
  8823 | D:9      | Remembered your ancestor Nikki as a knight
  8845 | D:9      | Noticed a two-headed ogre
  8853 | D:9      | Killed a two-headed ogre
  8966 | D:9      | Noticed a cyan ugly thing
  8989 | D:9      | Killed a cyan ugly thing
  8990 | D:9      | Reached XP level 11. HP: 8/60 MP: 12/12
  9254 | D:9      | Found a staircase to the Orcish Mines.
  9282 | D:9      | Noticed a two-headed ogre
  9288 | D:9      | Killed a two-headed ogre
  9289 | D:9      | Reached skill level 5 in Armour
  9289 | D:9      | Reached skill level 5 in Stealth
  9553 | Lair:1   | Entered Level 1 of the Lair of Beasts
  9862 | Lair:1   | Reached skill level 1 in Short Blades
  9862 | Lair:1   | Reached skill level 1 in Invocations
 10169 | Lair:1   | Reached *** piety under Hepliaklqana
 10203 | Lair:1   | Reached XP level 12. HP: 68/68 MP: 14/14
 10231 | Lair:1   | Noticed a catoblepas
 10241 | Lair:1   | Killed a catoblepas
 10742 | D:10     | Entered Level 10 of the Dungeon
 11201 | D:10     | Reached skill level 5 in Short Blades
 11291 | D:10     | Noticed a two-headed ogre
 11308 | D:10     | Reached skill level 10 in Fighting
 11313 | D:10     | Killed a two-headed ogre
 11586 | D:11     | Noticed a boulder beetle
 11593 | D:11     | Killed a boulder beetle
 11614 | D:11     | Reached skill level 5 in Invocations
 11737 | D:11     | Found Japt's Weapon Emporium.
 11753 | D:11     | Noticed a two-headed ogre
 11759 | D:11     | Killed a two-headed ogre
 11796 | D:11     | Noticed a boulder beetle
 11800 | D:11     | Noticed a centaur warrior
 11800 | D:11     | Noticed a centaur warrior
 11801 | D:11     | Noticed a tengu warrior
 11807 | D:11     | Noticed a six-headed hydra
 11809 | D:11     | Killed a centaur warrior
 11809 | D:11     | Noticed a two-headed ogre
 11810 | D:11     | Reached XP level 13. HP: 75/75 MP: 17/17
 11821 | D:11     | HP: 1/75 [six-headed hydra (13)]
 11821 | D:11     | Slain by a six-headed hydra

Illustrated notes

Levels and vault maps discovered:
D:1:      eino_arrival_tree_alley, layout_loops_corners
D:2:      layout_loops_ring, hellmonk_ecumenical_altar_heavens_door,
          basic_altar, uniq_natasha
D:3:      layout_rooms, serial_shops, shop
D:4:      layout_loops_ring, nicolae_ru_great_annihilating_truth,
          gammafunk_temple_overflow_statue, cheibrodos_sewer_entry_bend,
          uniq_blork_the_orc
D:5:      layout_loops_ring
D:6:      layout_basic, grunt_temple_overflow_open,
          minmay_temple_entry_water_ring, hangedman_decor_riveting
D:7:      layout_basic, serial_shops, shop, uniq_duvessa
D:8:      layout_gridville, dpeg_oklobed_lair, nicolae_ossuary_entry_monument,
          gammafunk_ghost_ooze, uniq_erica, uniq_gastronok
D:9:      layout_cave_pools, orc_0_dummy, kennysheep_path_1
D:10:     layout_gridville
D:11:     minmay_the_grid_3x3 [minmay_the_grid_spikes, minmay_the_grid_eight,
          minmay_the_grid_empty, minmay_the_grid_dragon_b, minmay_the_grid_mess,
          minmay_the_grid_box_x, minmay_the_grid_embedded,
          minmay_the_grid_plusring, minmay_the_grid_prize_trominoes],
          layout_rooms, serial_shops, shop, nicolae_shop_crystal,
          nicolae_shop_behind_doors, shop
Temple:   regret_index_temple_waves
Lair:1:   layout_chaotic_city, lemuel_old_faithful, grunt_megastairs_5

Skill      XL: |  1  2  3  4  5  6  7  8  9 10 11 12 |
---------------+-------------------------------------+-----
Ranged Weapons | 5 6 7 9 10 13 14 | 14.0
Fighting       | 3 4 5 6 7 9 11 | 11.1
Dodging        | 5 7 |  7.0
Armour         | 4 7 |  7.0
Stealth        | 4 7 |  7.0
Short Blades   | 2 7 |  7.4
Invocations    | 2 5 |  5.0

Action                     |  1- 3 |  4- 6 |  7- 9 | 10-12 | 13-15 || total
---------------------------+-------+-------+-------+-------+-------++-------
  Melee: Dagger            |       |    15 |    41 |     3 |       ||    59
         Kick              |       |     2 |    14 |     2 |       ||    18
         Peck              |       |     1 |     5 |       |       ||     6
   Fire: Shortbow          |    86 |   260 |   442 |    50 |       ||   838
         Orcbow            |       |       |       |   493 |    10 ||   503
 Invoke: Ancestor Identity |       |       |     1 |       |       ||     1
         Recall Ancestor   |       |       |       |     1 |       ||     1
         Ancestor Life: Kn |       |       |       |     1 |       ||     1
  Evoke: Wand              |       |       |     4 |       |       ||     4
    Use: Scroll            |       |     7 |     7 |     5 |     1 ||    20
         Potion            |       |       |     2 |       |       ||     2
   Stab: Distracted        |       |       |       |     1 |       ||     1
 Armour: Leather armour    |    10 |    11 |    50 |    18 |       ||    89
         Acid dragon scale |       |       |       |     4 |     2 ||     6
  Dodge: Dodged            |    28 |   146 |   262 |   175 |     7 ||   618
  Block: Other             |       |       |       |    18 |     1 ||    19

Table legend: (Time is in decaauts)
 A = Elapsed time spent in this place.
 B = Non-inter-level travel time spent in this place.
 C = Inter-level travel time spent in this place.
 D = Time resting spent in this place.
 E = Time spent auto-exploring this place.
 F = Levels seen in this place.
 G = Mean time per level.
                   A        B        C        D        E       F      G
               +--------+--------+--------+--------+--------+-----+--------+
         Total |  11282 |  10747 |    535 |   2540 |   5755 |  15 |  752.1 |
       Dungeon |   8762 |   8307 |    455 |   1868 |   4887 |  11 |  796.5 |
        Temple |    100 |     82 |     18 |      0 |     67 |   1 |  100.0 |
          Lair |   1134 |   1073 |     61 |    211 |    571 |   1 | 1134.0 |
         Sewer |    729 |    729 |      0 |    175 |    229 |   1 |  729.0 |
       Ossuary |    555 |    555 |      0 |    285 |      0 |   1 |  555.0 |
               +--------+--------+--------+--------+--------+-----+--------+

Top non-repeatable levels by time:
  Lair:1: 1134 daAuts
     D:7: 1053 daAuts
     D:1: 1018 daAuts
     D:8: 911 daAuts
    D:10: 899 daAuts
     D:5: 896 daAuts
     D:9: 895 daAuts
     D:4: 806 daAuts
     D:6: 773 daAuts
     D:2: 753 daAuts
   Sewer: 729 daAuts
     D:3: 605 daAuts
 Ossuary: 555 daAuts
    D:11: 148 daAuts
  Temple: 100 daAuts
